 Dungeon Crawl Stone Soup version 0.31-a0-845-g9abc20d24f (webtiles) character file.

Game seed: 12305804141758820801

362 Flugkiller the Chopper (level 6, -3/50 HPs)
             Began as a Formicid Fighter on Oct 1, 2023.
             Slain by a gnoll
             ... wielding a +0 spear
              (6 damage)
             ... on level 3 of the Dungeon.
             The game lasted 00:01:43 (1981 turns).

Flugkiller the Chopper (Formicid Fighter)           Turns: 1981, Time: 00:01:44

Health: -3/50      AC:  8    Str: 23    XL:     6   Next: 99%
Magic:  6/6        EV:  9    Int:  7    God:
Gold:   140        SH:  5    Dex: 13    Spells: 5/5 levels left

rFire   . . .        a - +0 war axe
rCold   . . .        c - +0 buckler
rNeg    . . .        b - +0 scale mail
rPois   .            (helmet unavailable)
rElec   .            i - +0 cloak
rCorr   .            (no gloves)
SInv    +            (no boots)
Will    .....        (no amulet) Stlth
                     (no ring)
HPRegen 0.28/turn    (no ring)
MPRegen 0.10/turn

%: no passive effects
@: mighty
A: permanent stasis, dig shafts and tunnels, antennae 3, four strong arms
a: Dig, Shaft Self


You were on level 3 of the Dungeon.
You visited 1 branch of the dungeon, and saw 3 of its levels.

You collected 140 gold pieces.

Inventory:

Hand Weapons
 a - a +0 war axe (weapon)
Armour
 b - a +0 scale mail (worn)
 c - a +0 buckler (worn)
 i - a +0 cloak (worn)
   (You found it on level 1 of the Dungeon)
Scrolls
 e - a scroll of fear {unknown}
 g - a scroll of revelation
 r - a scroll of identify
Potions
 d - a potion of might
 f - a potion of ambrosia {unknown}
 h - a potion of haste
 j - a potion of heal wounds {unknown}
 k - a potion of mutation {unknown}
 l - a potion of attraction {unknown}
 n - a potion of resistance


   Skills:
 + Level 4.8 Fighting
 * Level 5.0 Axes
 + Level 4.8 Armour
 - Level 4.0 Shields


You had 5 spell levels left.
You didn't know any spells.
Your spell library contained the following spells:

 Spells                   Type           Power      Damage    Failure   Level
 Summon Small Mammal      Summ           0%         N/A       80%         1
 Call Canine Familiar     Summ           0%         N/A       99%         3
 Summon Guardian Golem    Hex/Summ       0%         N/A       99%         3


Dungeon Overview and Level Annotations

Branches:
Dungeon (3/15) Zot: 15954

Altars:
Nemelex Xobeh

Shops:
D:3 [


Innate Abilities, Weirdness & Mutations

You cannot be hasted, slowed, berserked, paralysed or teleported.
You can dig through walls and to a lower floor.
You have a pair of large antennae on your head. (SInv)
Your four strong arms can wield two-handed weapons with a shield.


Message History

You kill the rat!
The jackal bites you but does no damage.
You barely miss the hobgoblin. You slash the jackal!
You kill the jackal!
The hobgoblin hits you but does no damage.
You completely miss the hobgoblin. The hobgoblin barely misses you.
You slash the hobgoblin!
You kill the hobgoblin!
No target in view!
You now have 125 gold pieces (gained 12).
You see here 7 stones.
Found Oblulu Usea's Armour Emporium.
There is an open door here.
There is an entrance to Oblulu Usea's Armour Emporium here.
You can access your shopping list by pressing '$'.
As you open the door, it creaks loudly!
There is an open door here.
You open the door.
There is an open door here.
You open the door.
There is an open door here.
You now have 140 gold pieces (gained 15).
You sense a monster nearby.
You sense a monster nearby.
A gnoll comes into view. It is wielding a +0 flail.
The gnoll shouts!
You see here a scroll labelled TUFRIU DOS JIU. 3 gnolls and an endoplasm come into view.
The gnoll shouts! x2
The endoplasm quivers.
You hit the gnoll.
The gnoll is moderately wounded.
You barely miss the gnoll. You hit the gnoll but do no damage.
The gnoll is moderately wounded.
You barely miss the gnoll.
The gnoll hits you from afar with a +0 spear.
You slash the gnoll!
The gnoll is severely wounded.
You hit the gnoll. You slash the gnoll! The gnoll barely misses you.
The gnoll completely misses you. You block the gnoll's attack.
The gnoll hits you but does no damage. The gnoll hits you with a +0 club.
The gnoll hits you with a +0 flail.
You see here a scroll labelled TUFRIU DOS JIU.
You slash the gnoll!
You kill the gnoll!
You hit the gnoll. The gnoll hits you but does no damage.
Your Axes skill increases to level 5!
You closely miss the gnoll.
The gnoll is heavily wounded.
You barely miss the gnoll. The gnoll hits you with a +0 club. x2
You closely miss the gnoll.
The gnoll is heavily wounded.
You hit the gnoll. The gnoll hits you with a +0 club. x2
The gnoll barely misses you. The gnoll hits you with a +0 club.
You are too injured to fight recklessly!
You are too injured to fight recklessly!
You are too injured to fight recklessly!
You barely miss the gnoll.
The gnoll is heavily wounded.
You slash the gnoll!
You kill the gnoll!
The gnoll hits you with a +0 club!
The gnoll hits you from afar with a +0 spear.
The endoplasm freezes you.
You are frozen.
* * * LOW HITPOINT WARNING * * *
The gnoll hits you but does no damage.
Okay, then.
It was a potion of haste.
Your stasis prevents you from being hasted.
h - a potion of haste;
j - a green potion The gnoll hits you but does no damage.
The endoplasm freezes you.
You are frozen.
* * * LOW HITPOINT WARNING * * *
The gnoll hits you with a +0 club.
* * * LOW HITPOINT WARNING * * *
Okay, then.
You feel very mighty all of a sudden. The gnoll barely misses you.
You block the endoplasm's attack. The gnoll hits you but does no damage.
You closely miss the gnoll.
The gnoll is heavily wounded.
You slash the endoplasm!
You kill the endoplasm!
The gnoll barely misses you. The gnoll hits you but does no damage.
You block the gnoll's attack.
You barely miss the gnoll.
The gnoll is heavily wounded.
The gnoll hits you with a +0 club.
* * * LOW HITPOINT WARNING * * *
The gnoll hits you from afar with a +0 spear.
* * * LOW HITPOINT WARNING * * *
You slash the gnoll!
You kill the gnoll!
You block the gnoll's attack. The gnoll hits you with a +0 spear.
You die...

####### #.# #.########
#.....# #.# #........#
#.....# #.# #).......#
#.....####.###........#
+.....+......'........'
#.....####..##........#
#.....####.###........#
#....g##...# #.########
#.....@?.### #.#
#.....).######.#
#.....>........#
##...#.######..####
#...#.# ##....##
#####.# #.##†.###
#.#######.......#
#.......'.......#
########.......##


You could see a gnoll.

Vanquished Creatures
  Sigmund (D:3)
  A sky beast (D:3)
  3 gnolls (D:3)
  2 adders
  A worm (D:2)
  2 dart slugs
  4 orcs (D:3)
  3 bats
  6 endoplasms
  2 giant cockroaches (D:1)
  9 hobgoblins
  6 jackals
  2 quokkas
  6 ball pythons
  3 frilled lizards
  5 goblins
  3 kobolds
  5 rats
64 creatures vanquished.

Notes
Turn   | Place    | Note
-------+----------+-------------------------------------------
     0 | D:1      | Flugkiller the Formicid Fighter began the quest for the
                  | Orb.
     0 | D:1      | Reached XP level 1. HP: 18/18 MP: 1/1
    78 | D:1      | Found a faded altar of an unknown god.
   103 | D:1      | Reached XP level 2. HP: 24/24 MP: 2/2
   383 | D:1      | Reached XP level 3. HP: 29/29 MP: 3/3
   989 | D:2      | Reached skill level 3 in Axes
  1112 | D:2      | Reached XP level 4. HP: 37/37 MP: 4/4
  1518 | D:3      | Found a sparkling altar of Nemelex Xobeh.
  1528 | D:3      | Noticed Sigmund
  1548 | D:3      | Killed Sigmund
  1549 | D:3      | Reached skill level 4 in Axes
  1549 | D:3      | Reached XP level 5. HP: 36/43 MP: 5/5
  1549 | D:3      | Reached XP level 6. HP: 42/49 MP: 6/6
  1690 | D:3      | Noticed a sky beast
  1703 | D:3      | Killed a sky beast
  1924 | D:3      | Found Oblulu Usea's Armour Emporium.
  1973 | D:3      | Reached skill level 5 in Axes
  1981 | D:3      | Slain by a gnoll

Illustrated notes

Levels and vault maps discovered:
D:1:      wheals_arrival_linesprint, layout_loops_ring,
          hellmonk_ecumenical_altar_heavens_door
D:2:      layout_loops_cross
D:3:      layout_basic, nemelex_spade_bored_becter, serial_shops, shop,
          kennysheep_generic_room_12, uniq_sigmund

Skill      XL: |  1  2  3  4  5  6 |
---------------+-------------------+-----
Axes           | 3 4 5 |  5.0
Fighting       | 4 |  4.8
Armour         | 4 |  4.8
Shields        | |  4.0

Action                     |  1- 3 |  4- 6 || total
---------------------------+-------+-------++-------
  Melee: War axe           |    79 |    91 ||   170
    Use: Scroll            |     4 |       ||     4
         Potion            |       |     3 ||     3
 Armour: Scale mail        |    55 |    59 ||   114
         Skin              |       |    11 ||    11
  Dodge: Dodged            |    38 |    34 ||    72
  Block: Buckler           |    23 |    16 ||    39

Table legend: (Time is in decaauts)
 A = Elapsed time spent in this place.
 B = Non-inter-level travel time spent in this place.
 C = Inter-level travel time spent in this place.
 D = Time resting spent in this place.
 E = Time spent auto-exploring this place.
 F = Levels seen in this place.
 G = Mean time per level.
                   A        B        C        D        E       F      G
               +--------+--------+--------+--------+--------+-----+--------+
         Total |   2044 |   1948 |     96 |    116 |   1351 |   3 |  681.3 |
       Dungeon |   2044 |   1948 |     96 |    116 |   1351 |   3 |  681.3 |
               +--------+--------+--------+--------+--------+-----+--------+

Top non-repeatable levels by time:
     D:1: 884 daAuts
     D:2: 593 daAuts
     D:3: 566 daAuts
